 Dungeon Crawl Stone Soup version 0.20.0 (webtiles) character file.

219 Eucla the Ducker (level 5, -1/28 HPs)
             Began as a Spriggan Monk on May 31, 2017.
             Was a Believer of Okawaru.
             Killed from afar by a white imp (8 damage)
             ... with a puff of frost
             ... summoned by Eustachio
             ... on level 4 of the Dungeon.
             The game lasted 00:03:45 (3386 turns).

Eucla the Ducker (Spriggan Monk)                    Turns: 3386, Time: 00:03:46

Health: -1/28      AC:  2    Str:  8    XL:     5   Next: 64%
Magic:  6/6        EV: 22    Int: 11    God:    Okawaru [**....]
Gold:   113        SH:  0    Dex: 19    Spells: 4/4 levels left

rFire    . . .     SeeInvis +   r - +2 dagger (elec)
rCold    . . .     Gourm    .   (shield restricted)
rNeg     . . .     Faith    .   b - +0 robe
rPois    .         Spirit   .   (helmet restricted)
rElec    .         Reflect  .   (no cloak)
rCorr    .         Harm     .   (gloves unavailable)
MR       .....                  (boots unavailable)
Stlth    +++.......             (no amulet)
Regen    0.1/turn               (no ring)
MPRegen  0.1/turn               (no ring)

@: very quick
A: unfitting armour, see invisible, herbivore 3, speed 3, slow metabolism 2
a: Heroism, Renounce Religion


You were on level 4 of the Dungeon.
You worshipped Okawaru.
Okawaru was pleased with you.
You were hungry.

You visited 1 branch of the dungeon, and saw 4 of its levels.

You collected 113 gold pieces.

Inventory:

Hand Weapons
 a - a +0 falchion
 r - a +2 dagger of electrocution (weapon)
Armour
 b - a +0 robe (worn)
Jewellery
 o - an uncursed ring of fire {unknown}
Scrolls
 d - 2 scrolls of teleportation {unknown}
 e - 7 scrolls of identify {unknown}
 g - a scroll of fear {unknown}
 j - a scroll of amnesia {unknown}
 l - 6 scrolls of remove curse {unknown}
 m - a scroll of random uselessness {unknown}
 n - a scroll of recharging {unknown}
Potions
 h - 3 potions of curing {unknown}
 i - 2 potions of heal wounds {unknown}
 k - a potion of resistance {unknown}
 p - a potion of magic {unknown}
 q - 2 potions of brilliance {unknown}
 s - a potion of berserk rage {unknown}
 t - a potion of flight {unknown}
 u - a potion of lignification {unknown}
Comestibles
 c - 2 bread rations
 f - 3 royal jellies


   Skills:
 + Level 3.3 Fighting
 * Level 4.0 Long Blades
 + Level 6.3 Dodging
 - Level 3.0 Stealth


You had 4 spell levels left.
You didn't know any spells.

Dungeon Overview and Level Annotations

Branches:
Dungeon (4/15)
 Temple: D:4-7

Altars:
Hepliaklqana
Makhleb
Okawaru
Sif Muna

Annotations:
D:4 Eustachio


Innate Abilities, Weirdness & Mutations

You are very small and have problems with some larger weapons.
You are too small for most types of armour.
You have supernaturally acute eyesight. (SInv)
You are a herbivore.
You cover ground extremely quickly.
You need consume almost no food.


Message History

The ufetubus disappears in a puff of smoke!
The iron imp disappears in a puff of smoke!
The shadow imp completely misses you.
You hit Eustachio.
Eustachio is almost dead.
The ufetubus misses you. The ufetubus closely misses you.
Eustachio completely misses you. The shadow imp hits you.
The white imp hits you but does no damage.
You hit Eustachio.
Eustachio is almost dead.
The ufetubus barely misses you. The ufetubus closely misses you.
Eustachio mumbles some strange words.
Eustachio blinks!
The shadow imp gestures at you. Pain shoots through your body!
* * * LOW HITPOINT WARNING * * *
The white imp shouts, "Despond, thou fulsome fat-kidneyed nissette!"
The white imp gestures at you. The puff of frost hits you!
You die...

#...# .#####. #.#.#
####...# #.............#
#...# .......#
#.............# #####
.......# #(............#
)......#+#......@......#
.......................#
..........$............#
####...........5.5.....+
#......$.....@ยง.....#
###...........5.....#
#.....#####+##+####
#.....# #.....# #.....#
#.....# #.....#


You could see Eustachio, a white imp, a shadow imp and an ufetubus.

Vanquished Creatures
  A hound (D:4)
  An orc priest (D:3)
  3 gnolls (D:2)
  4 adders
  An ooze (D:4)
  An adder skeleton (D:3)
  5 worms
  A dart slug (D:1)
  4 leopard geckos
  4 orcs (D:3)
  3 giant cockroaches
  7 hobgoblins
  7 jackals (D:3)
  A ball python (D:1)
  9 bats
  3 frilled lizards (D:3)
  7 goblins
  4 kobolds
  7 rats
73 creatures vanquished.

Notes
Turn   | Place    | Note
-------+----------+-------------------------------------------
     0 | D:1      | Eucla the Spriggan Monk began the quest for the Orb.
     0 | D:1      | Reached XP level 1. HP: 11/11 MP: 2/2
     2 | D:1      | Noticed a demigod
     2 | D:1      | Noticed an octopode
     4 | D:1      | Noticed a draconian
     4 | D:1      | Noticed a formicid
     6 | D:1      | Noticed a vine stalker
     6 | D:1      | Noticed an elf
     8 | D:1      | Noticed a centaur
    10 | D:1      | Noticed an ogre
    10 | D:1      | Noticed a troll
    12 | D:1      | Noticed a halfling
    14 | D:1      | Noticed a tengu
    16 | D:1      | Noticed a vampire
    16 | D:1      | Noticed a human
    19 | D:1      | Noticed a felid
    22 | D:1      | Noticed a ghoul
    22 | D:1      | Noticed a spriggan
    24 | D:1      | Noticed a merfolk
    24 | D:1      | Noticed a demonspawn
    26 | D:1      | Noticed a naga
    26 | D:1      | Noticed a dwarf
    28 | D:1      | Noticed a gargoyle
    28 | D:1      | Noticed a minotaur
   185 | D:1      | Reached XP level 2. HP: 15/16 MP: 3/3
   260 | D:1      | Found an iron altar of Okawaru.
   301 | D:1      | Became a worshipper of Warmaster Okawaru
   301 | D:1      | Reached * piety under Okawaru
   301 | D:1      | Reached ** piety under Okawaru
   484 | D:1      | Reached skill level 5 in Dodging
   623 | D:2      | Reached XP level 3. HP: 15/19 MP: 1/4
  1658 | D:2      | Reached XP level 4. HP: 20/23 MP: 5/5
  1865 | D:2      | Found a deep blue altar of Sif Muna.
  2102 | D:3      | Found a hazy altar of Hepliaklqana.
  2244 | D:3      | Reached skill level 6 in Dodging
  2338 | D:3      | Reached XP level 5. HP: 25/28 MP: 6/6
  2401 | D:3      | Found a burning altar of Makhleb.
  3362 | D:4      | Noticed Eustachio
  3386 | D:4      | Killed from afar by a white imp

Skill      XL: |  1  2  3  4  5 |
---------------+----------------+-----
Dodging        | 5 6 |  6.3
Long Blades    | 3 4 |  4.0
Fighting       | 3 |  3.3
Stealth        | |  3.0

Action                   |  1- 3 |  4- 6 || total
-------------------------+-------+-------++-------
Melee: Falchion          |   113 |    16 ||   129
       Dagger            |       |   127 ||   127
Invok: Heroism           |     2 |       ||     2
 Stab: Sleeping          |     2 |    10 ||    12
       Distracted        |       |     1 ||     1
Armor: Robe              |     7 |     9 ||    16
Dodge: Dodged            |   108 |   116 ||   224
       Rpst.: Falchion   |    33 |     1 ||    34
